[Event "Team 45 45 League T36"]
[Site "Internet Chess Club"]
[Date "2008.02.24"]
[Round "5"]
[White "Bega"]
[Black "mongmong"]
[Result "1/2-1/2"]
[WhiteElo "1770"]
[BlackElo "1672"]
[Opening "French: Tarrasch, closed variation"]
[ECO "C05"]
[Time "06:29:51"]
[TimeControl "2700+45"]

1. e4 e6 2. d4 d5 3. Nd2 Nf6 4. Bd3 c5 5. c3 cxd4 6. cxd4 dxe4 7. Nxe4 Bb4+ 8.
Nc3 Nd5 9. Bd2 Qa5 10. Nge2 Nc6 11. O-O Nce7 12. a3 Nxc3 13. bxc3 Bd6 14. c4 Qc7
15. h3 Ng6 16. Nc3 Bd7 17. a4 b6 18. Nb5 Bxb5 19. axb5 Bf4 20. Be3 O-O 21. Ra6
Qe7 22. Be4 Rac8 23. Qe2 Bxe3 24. fxe3 Rc7 25. Rfa1 Rd8 26. Bd3 f5 27. Qa2 Rdd7
28. Qa3 Qxa3 29. R1xa3 Ne7 30. Kf2 Nc8 31. Be2 Nd6 32. R6a4 Ne4+ 33. Ke1 g5 34.
Bd3 Nd6 35. Ke2 h5 36. Rc3 Nxb5 37. Rc2 Nd6 38. c5 bxc5 39. dxc5 Nf7 40. Bb5 Re7
41. c6 Ne5 42. Rd4 Kf7 43. e4 Ng6 44. Ba4 Ne5 45. exf5 exf5 46. Bb3+ Kf6 47.
Rd6+ Kg7 48. Kf2 Nf7 49. Rd5 Nh6 50. Rd6 g4 51. hxg4 fxg4 52. Be6 Nf7 53. Bxf7
Rxf7+ 54. Kg3 Rf6 55. Rd7+ Rf7 56. Rd5 Kg6 57. Rcc5 Rf6 58. Rxh5 Rfxc6 59. Rcg5+
Kf6 60. Rxg4 {Game drawn by mutual agreement} 1/2-1/2

[Event "Team 45 45 League T36"]
[Site "Internet Chess Club"]
[Date "2008.02.22"]
[Round "5"]
[White "Duguesclin"]
[Black "parrot9"]
[Result "0-1"]
[WhiteElo "1595"]
[BlackElo "1706"]
[Opening "QGD Slav defense"]
[ECO "D10"]
[Time "15:00:45"]
[TimeControl "2700+45"]

1. d4 d5 2. c4 c6 3. Nc3 Nf6 4. Bf4 dxc4 5. e4 b5 6. e5 Nd5 7. Nge2 e6 8. g3 Bb7
9. Bg2 Be7 10. O-O Nd7 11. Ne4 O-O 12. Bd2 Qc7 13. N2c3 a6 14. Qg4 Rfd8 15. Bg5
Bxg5 16. Nxg5 h6 17. Nge4 c5 18. Nd6 cxd4 19. Qxd4 Bc6 20. Nxd5 Bxd5 21. Bxd5
exd5 22. Qxd5 Nxe5 23. Rad1 Nd3 24. Nxb5 axb5 25. Qxb5 Rxa2 26. b3 Rd4 27. Rfe1
Nxe1 28. Rxd4 Nf3+ 29. Kg2 Nxd4 30. Qe8+ Kh7 31. Qe4+ g6 32. Qxd4 Qb7+ 33. Kh3
cxb3 34. Qc4 Rxf2 {White resigns} 0-1

[Event "Team 45 45 League T36"]
[Site "Internet Chess Club"]
[Date "2008.02.22"]
[Round "5"]
[White "cappelo-upgrate"]
[Black "Gil-galad"]
[Result "1-0"]
[WhiteElo "2054"]
[BlackElo "2068"]
[Opening "King's Indian: Sämisch, orthodox, 7.d5"]
[ECO "E87"]
[Time "14:57:04"]
[TimeControl "2700+45"]

1. d4 Nf6 2. c4 g6 3. Nc3 Bg7 4. e4 d6 5. f3 O-O 6. Be3 e5 7. d5 Nh5 8. c5 f5 9.
exf5 gxf5 10. c6 bxc6 11. dxc6 Be6 12. Qa4 Qe8 13. Bc4 Qf7 14. Bxe6 Qxe6 15. Rd1
Rf7 16. Nh3 h6 17. Nd5 f4 18. Bb6 e4 19. fxe4 f3 20. O-O Qg4 21. Rf2 Na6 22.
Qxa6 cxb6 23. c7 fxg2 24. Rd3 Rc8 25. Rxf7 Kxf7 26. Nf2 Qe6 27. Qxa7 Be5 28.
Nxb6 Bxh2+ 29. Kxh2 g1=Q+ 30. Kxg1 Rg8+ 31. Kf1 {Black resigns} 1-0

[Event "Team 45 45 League T36"]
[Site "Internet Chess Club"]
[Date "2008.02.24"]
[Round "5"]
[White "frothyjowels"]
[Black "livis"]
[Result "1-0"]
[WhiteElo "1912"]
[BlackElo "1892"]
[Opening "Sicilian: Hungarian variation"]
[ECO "B27"]
[Time "14:00:18"]
[TimeControl "2700+45"]

1. e4 c5 2. Nf3 g6 3. d3 Bg7 4. g3 Nc6 5. Bg2 d6 6. O-O Bg4 7. c3 Nf6 8. Nbd2
Qd7 9. Re1 O-O 10. Nf1 h6 11. Ne3 Bxf3 12. Qxf3 e5 13. a4 a5 14. Nc4 Rab8 15.
Bxh6 Qe6 16. Bxg7 Kxg7 17. Rad1 Rh8 18. h3 Rh7 19. Ne3 Rbh8 20. Nd5 Nd7 21. Qe3
Rxh3 22. Bxh3 Qxh3 23. Qf3 f5 24. Qg2 Qh6 25. f3 Nf6 26. Nxf6 Kxf6 27. Kf2 Qg7
28. Rh1 Rg8 29. Qh2 Qf7 30. exf5 gxf5 31. Qh4+ Ke6 32. Qc4+ d5 33. Rh6+ Rg6 34.
Rxg6+ Qxg6 35. Qxc5 Qh6 36. Kg2 Qg5 37. b4 axb4 38. cxb4 d4 39. b5 f4 40. g4 Qh4
41. Kf1 Qh1+ 42. Ke2 Qg2+ 43. Ke1 Qxf3 44. Kd2 Qe3+ 45. Kc2 Ne7 46. Qb6+ Kf7 47.
Qxb7 f3 48. Qe4 Qf2+ 49. Kc1 Ng6 50. Qf5+ Kg7 51. g5 Qe3+ 52. Kb1 Nf4 53. Qf6+
Kg8 54. g6 Nxg6 55. Qxg6+ Kf8 56. b6 Qe2 57. Rc1 {Black resigns} 1-0

[Event "Team 45 45 League T36"]
[Site "Internet Chess Club"]
[Date "2008.02.24"]
[Round "5"]
[White "Boromir"]
[Black "alegro"]
[Result "1/2-1/2"]
[WhiteElo "2000"]
[BlackElo "2114"]
[Opening "Caro-Kann: Steinitz variation"]
[ECO "B17"]
[Time "16:02:06"]
[TimeControl "2700+45"]

1. e4 c6 2. d4 d5 3. Nc3 dxe4 4. Nxe4 Nd7 5. Ng5 Ngf6 6. Bd3 e6 7. N1f3 Bd6 8.
Qe2 h6 9. Ne4 Nxe4 10. Qxe4 Qc7 11. Qg4 Kf8 12. O-O b6 13. c3 Bb7 14. Re1 c5 15.
h4 c4 16. Bc2 b5 17. Bd2 a5 18. h5 Bd5 19. Qh3 Rb8 20. b3 b4 21. bxc4 {Game
drawn by mutual agreement} 1/2-1/2

[Event "Team 45 45 League T36"]
[Site "Internet Chess Club"]
[Date "2008.02.23"]
[Round "5"]
[White "ivanson"]
[Black "cesaralexander"]
[Result "0-1"]
[WhiteElo "1829"]
[BlackElo "1923"]
[Opening "French: Tarrasch, closed variation"]
[ECO "C05"]
[Time "22:01:36"]
[TimeControl "2700+45"]

1. e4 e6 2. d4 d5 3. Nd2 Nf6 4. e5 Nfd7 5. Bd3 c5 6. c3 Nc6 7. Ne2 Qb6 8. Nf3
cxd4 9. cxd4 f6 10. exf6 Nxf6 11. O-O Bd6 12. Re1 Qc7 13. h3 Bd7 14. Nc3 a6 15.
a3 h6 16. Bg6+ Kd8 17. Be3 Be8 18. Qd3 Ne7 19. Bxe8 Rxe8 20. Rac1 Qb8 21. Na4 b6
22. Qb3 Nd7 23. Bd2 Nc8 24. Rc2 Ke7 25. Qxd5 Kf7 26. Qh5+ Kf8 27. Nc3 Nf6 28.
Qg6 Ne7 29. Qd3 Neg8 30. Ne5 Ne7 31. Qf3 Nf5 32. Qd3 Qb7 33. Ne4 Bxe5 34. dxe5
Nxe4 35. Rxe4 Red8 36. Qf3 Kg8 37. Bc3 Rd7 38. g4 Nh4 39. Qe2 Rf8 40. f4 Rd1+
41. Be1 Rxe1+ {White resigns} 0-1

[Event "Team 45 45 League T36"]
[Site "Internet Chess Club"]
[Date "2008.02.24"]
[Round "5"]
[White "ARMAND01968"]
[Black "MrShaw"]
[Result "1-0"]
[WhiteElo "1795"]
[BlackElo "1858"]
[Opening "King's Indian: Petrosian system, Stein variation"]
[ECO "E92"]
[Time "10:16:56"]
[TimeControl "2700+45"]

1. d4 Nf6 2. c4 g6 3. Nc3 Bg7 4. Nf3 O-O 5. e4 d6 6. Be2 e5 7. d5 a5 8. Bg5 h6
9. Bh4 Na6 10. Nd2 Bd7 11. O-O Nc5 12. Nb3 Nxb3 13. Qxb3 b6 14. h3 Qe8 15. Qd1
Nh7 16. Nb5 Rc8 17. Bg4 f5 18. exf5 gxf5 19. Bh5 Rf7 20. Bxf7+ Qxf7 21. a4 f4
22. Re1 Bf5 23. Qf3 Ng5 24. Bxg5 hxg5 25. Qe2 e4 26. Ra3 Bf6 27. Na7 Re8 28. Qd2
Kg7 29. Nb5 Bd7 30. Nxc7 Re7 31. Rb3 Qh5 32. Ne6+ Bxe6 33. dxe6 Rxe6 34. Rxb6
Be5 35. Rxe4 f3 36. Rxe5 Rxe5 37. Qxd6 Rf5 38. g4 {Black resigns} 1-0

[Event "Team 45 45 League T36"]
[Site "Internet Chess Club"]
[Date "2008.02.24"]
[Round "5"]
[White "rss"]
[Black "searchforbobby1"]
[Result "0-1"]
[WhiteElo "1752"]
[BlackElo "2157"]
[Opening "Sicilian: Pelikan, Chelyabinsk variation"]
[ECO "B33"]
[Time "17:33:27"]
[TimeControl "2700+45"]

1. e4 c5 2. Nf3 Nc6 3. d4 cxd4 4. Nxd4 Nf6 5. Nc3 e5 6. Ndb5 d6 7. Bg5 a6 8. Na3
b5 9. Nd5 Be7 10. Bxf6 Bxf6 11. c3 O-O 12. Be2 Bg5 13. O-O Ne7 14. Nc2 Nxd5 15.
Qxd5 Be6 16. Qd1 Qb6 17. Nb4 Kh8 18. Nd5 Qb7 19. h3 f5 20. f3 Bxd5 21. Qxd5 Qxd5
22. exd5 Rfb8 23. b3 Be3+ 24. Kh1 Rc8 25. c4 Bd4 26. Rac1 b4 27. Bd3 g6 28. Rce1
Re8 29. Re2 a5 30. Bc2 Kg7 31. g3 Kf6 32. Kg2 Rac8 33. Rd1 Bc3 34. Bd3 Ra8 35.
Bc2 Re7 36. h4 Rc7 37. Kf1 h6 38. Kg2 Re8 39. Kf1 a4 40. Kg2 axb3 41. Bxb3 Ra8
42. Kf1 Rh8 43. Kg2 Re8 44. Kf1 Rg8 45. Kg2 g5 46. hxg5+ Rxg5 47. Rh1 h5 48. Kf1
Rxg3 49. Rxh5 Rxf3+ 50. Kg2 e4 51. Rf2 Rg7+ 52. Kf1 Rxf2+ 53. Kxf2 Ke5 54. Rh6
Bd4+ 55. Ke2 Rg2+ 56. Kf1 Rg1+ 57. Ke2 Bc5 58. Rh5 Rg2+ 59. Kf1 Rf2+ 60. Ke1 e3
61. Rh3 f4 62. Rh1 Bd4 {White resigns} 0-1

[Event "Team 45 45 League T36"]
[Site "Internet Chess Club"]
[Date "2008.02.24"]
[Round "5"]
[White "keisher415"]
[Black "chess9397"]
[Result "1-0"]
[WhiteElo "1987"]
[BlackElo "1839"]
[Opening "Sicilian: accelerated fianchetto, modern variation"]
[ECO "B34"]
[Time "21:56:32"]
[TimeControl "2700+45"]

1. e4 c5 2. Nf3 g6 3. Nc3 Nc6 4. d4 cxd4 5. Nxd4 Bg7 6. Be3 Nf6 7. Nxc6 bxc6 8.
e5 Ng8 9. f4 Nh6 10. Qd2 Nf5 11. Bf2 O-O 12. g4 Nh6 13. h3 d6 14. O-O-O f5 15.
exf6 Bxf6 16. g5 Bxc3 17. Qxc3 Nf5 18. h4 Qc7 19. h5 gxh5 20. Rxh5 d5 21. Rxd5
Qxf4+ 22. Rd2 Ng7 23. Bc4+ e6 24. Rh3 Qxg5 25. Rg3 Qh6 26. Be3 Qf6 27. Bd4 Qf4
28. Rxg7+ Kh8 29. Rg4+ e5 30. Bxe5+ Qxe5 31. Qxe5+ Rf6 32. Rg8# {Black
checkmated} 1-0

[Event "Team 45 45 League T36"]
[Site "Internet Chess Club"]
[Date "2008.02.24"]
[Round "5"]
[White "WoadRaider"]
[Black "Archdruid"]
[Result "0-1"]
[WhiteElo "1650"]
[BlackElo "1707"]
[Opening "Sicilian: accelerated fianchetto, modern variation with Bc4"]
[ECO "B35"]
[Time "10:36:34"]
[TimeControl "2700+45"]

1. e4 c5 2. Nf3 Nc6 3. d4 cxd4 4. Nxd4 g6 5. Nc3 Bg7 6. Be3 Nf6 7. Bc4 O-O 8.
Bb3 a5 9. O-O Ng4 10. Qxg4 Nxd4 11. Qd1 Nxb3 12. axb3 Ra6 13. f4 Bh6 14. Rf3 d6
15. h3 f5 16. exf5 Rxf5 17. g4 Rf7 18. g5 Bg7 19. Bd4 e6 20. h4 e5 21. fxe5 Bg4
22. Rxf7 Bxd1 23. Rxg7+ Kxg7 24. Rxd1 Kg8 25. e6 Qe8 26. Re1 d5 27. e7 Rd6 28.
Bf6 Kf7 29. Rf1 Ke6 30. Re1+ Kd7 31. Rf1 Kc6 32. Be5 Qxe7 33. Bxd6 Qe3+ 34. Kh1
Kxd6 35. Rf6+ Ke5 36. Rf7 Qh3+ 37. Kg1 Qxh4 38. Re7+ Kd6 39. Rxb7 Qxg5+ 40. Kf1
Qf4+ 41. Ke1 d4 42. Ne2 Qh4+ 43. Kd2 Kc6 44. Rb8 Qg5+ 45. Kd1 Kc7 46. Re8 h5 47.
Nxd4 Qg1+ {White resigns} 0-1

[Event "Team 45 45 League T36"]
[Site "Internet Chess Club"]
[Date "2008.02.27"]
[Round "5"]
[White "OOB1"]
[Black "powerchess1"]
[Result "0-1"]
[WhiteElo "1559"]
[BlackElo "1714"]
[Opening "Sicilian: closed"]
[ECO "B23"]
[Time "19:03:26"]
[TimeControl "2700+45"]

1. e4 c5 2. Nc3 g6 3. d4 cxd4 4. Qxd4 Nf6 5. e5 Nc6 6. Qe3 Ng4 7. Qh3 Ngxe5 8.
Bh6 d6 9. Qh4 Bxh6 10. Qxh6 Ng4 11. Qg7 Rf8 12. h3 Nf6 13. Bd3 e6 14. Nge2 Ne7
15. Qxf6 Qb6 16. Ne4 Nd5 17. Qd4 Qa5+ 18. N4c3 Bd7 19. O-O Nxc3 20. Nxc3 O-O-O
21. Qxd6 Bc6 22. Qg3 f5 23. Ne2 e5 24. Bc4 Kb8 25. Rfd1 Rde8 26. Nd4 Be4 27. Nb3
Qc7 28. Bd3 Bc6 29. Re1 f4 30. Qg4 e4 31. Bb5 Bxb5 32. Rac1 Bd7 33. Qh4 Bc8 34.
Nd2 e3 35. fxe3 fxe3 36. Nf3 Rf4 37. Qg3 Ka8 38. Re2 g5 39. Qxg5 Bxh3 40. Rce1
Rg4 41. Qf5 Rxg2+ 42. Rxg2 Bxf5 {White resigns} 0-1

[Event "Team 45 45 League T36"]
[Site "Internet Chess Club"]
[Date "2008.02.21"]
[Round "5"]
[White "fledermaus"]
[Black "kevrose07"]
[Result "1-0"]
[WhiteElo "1956"]
[BlackElo "1921"]
[Opening "QGD: 4.Bg5 Be7"]
[ECO "D53"]
[Time "16:02:06"]
[TimeControl "2700+45"]

1. d4 e6 2. c4 d5 3. Nc3 Nf6 4. Bg5 Be7 5. e3 b6 6. cxd5 exd5 7. Qc2 O-O 8. Bd3
Nbd7 9. Nf3 Bb7 10. O-O c5 11. Ne5 h6 12. Nxd7 Qxd7 13. Bh4 Ne4 14. Bb5 Qe6 15.
Bxe7 Qxe7 16. Nxe4 dxe4 17. dxc5 a6 18. Be2 Rac8 19. Rfd1 Rxc5 20. Qd2 Rd5 21.
Qc2 Rfd8 22. Rxd5 Rxd5 23. Rd1 Rc5 24. Qd2 Qe6 25. b3 b5 26. h3 Rd5 27. Qc2 Rg5
28. Rd8+ Kh7 29. Kh2 Qf6 30. f4 Qxd8 31. fxg5 Qxg5 32. Qd2 Qe5+ 33. Kg1 Bc8 34.
Bd1 Qg3 35. Bc2 Bf5 36. b4 Qg6 37. Kh1 Qf6 38. Bb3 Be6 39. Bc2 Qe5 40. a3 f5 41.
Qe1 Qb2 42. Qb1 Qxb1+ 43. Bxb1 g5 44. g4 Kg6 45. Kg2 Kf6 46. gxf5 Bxf5 47. Kg3
Ke5 48. Bc2 Kd5 49. Bb3+ Kc6 50. Bf7 Kb6 51. Bd5 a5 52. Bf7 axb4 53. axb4 Kc6
54. Ba2 Kd6 55. Bf7 Bd7 56. Bb3 Be6 57. Bc2 Ke5 58. Bd1 Bc4 59. Kg4 Bf1 60. Kg3
Kd5 61. Bb3+ Bc4 62. Bd1 Ba2 63. Be2 Bc4 64. Bd1 Ke5 65. Kg4 Bf1 66. Kg3 Kf5 67.
Bh5 Bc4 68. Bd1 Kg6 69. h4 h5 70. Bc2 Bd5 71. Bd1 Bc6 72. Be2 Bd7 73. Bd1 Be6
74. Bc2 Bd5 75. Bd1 Bc4 76. Bc2 Kf5 77. Bd1 g4 78. Bc2 Be2 79. Bb3 Ke5 80. Bf7
Bd1 81. Bxh5 Kf5 82. Be8 Be2 83. Bd7+ Kg6 84. Bxg4 Bd3 85. Kf4 Kh6 86. Ke5 Kg6
87. Kd4 Bc2 88. Be2 Kh6 89. Bxb5 Kh5 90. Bc6 Kxh4 91. Bxe4 Ba4 {Black resigns}
1-0

[Event "Team 45 45 League T36"]
[Site "Internet Chess Club"]
[Date "2008.02.26"]
[Round "5"]
[White "AntonioMendonca"]
[Black "Grenadier"]
[Result "1-0"]
[WhiteElo "1749"]
[BlackElo "1688"]
[Opening "QGD Slav: 3.Nf3"]
[ECO "D11"]
[Time "19:09:48"]
[TimeControl "2700+45"]

1. d4 d5 2. c4 c6 3. Nf3 Nf6 4. g3 Bf5 5. Nc3 e6 6. Nh4 Bg6 7. Nxg6 hxg6 8. Qb3
Qb6 9. c5 Qxb3 10. axb3 Be7 11. b4 a6 12. Bf4 Nbd7 13. Bg2 Ng4 14. h3 Nh6 15. b5
cxb5 16. Nxb5 O-O 17. Nc3 Bf6 18. e3 Rfe8 19. O-O g5 20. Bd6 Rac8 21. Nxd5 exd5
22. Bxd5 Nf5 23. Bxb7 Nxd6 24. Bxc8 Nxc8 25. Rxa6 Nxc5 26. dxc5 Bxb2 27. Rb1 Be5
28. Ra8 Kf8 29. f4 gxf4 30. exf4 Bd4+ 31. Kg2 Bxc5 32. Rc1 Re7 {Black resigns}
1-0

[Event "Team 45 45 League T36"]
[Site "Internet Chess Club"]
[Date "2008.02.24"]
[Round "5"]
[White "bmw2002"]
[Black "shakkiipe"]
[Result "0-1"]
[WhiteElo "1656"]
[BlackElo "1718"]
[Opening "English opening"]
[ECO "A10"]
[Time "11:10:46"]
[TimeControl "2700+45"]

1. c4 d6 2. g3 Nf6 3. Bg2 c6 4. Nc3 g6 5. d3 Bg7 6. Rb1 a5 7. Bg5 Nbd7 8. Nf3 h6
9. Bd2 O-O 10. O-O Re8 11. d4 Nb6 12. b3 Bf5 13. Rc1 e5 14. dxe5 dxe5 15. Be3
Qc7 16. Nd2 Rad8 17. Qe1 Kh7 18. Nde4 Nbd7 19. Rd1 Nxe4 20. Nxe4 Nf6 21. Nc3
Rxd1 22. Qxd1 Rd8 23. Qc1 Ng4 24. Bd2 Qd6 25. Rd1 Qc5 26. e3 Nf6 27. h3 b5 28.
e4 Be6 29. Be3 Rxd1+ 30. Qxd1 Qb4 31. Bd2 bxc4 32. Nd5 Qd6 33. Nxf6+ Bxf6 34.
bxc4 Bg5 35. f4 exf4 36. Qc1 Qd4+ 37. Kh1 f3 38. Bxg5 fxg2+ 39. Kxg2 hxg5 40.
Qxg5 Qxe4+ 41. Kf2 Qf5+ {White resigns} 0-1

[Event "Team 45 45 League T36"]
[Site "Internet Chess Club"]
[Date "2008.02.25"]
[Round "5"]
[White "RingLord"]
[Black "bbrockva"]
[Result "0-1"]
[WhiteElo "1533"]
[BlackElo "1630"]
[Opening "Pirc defense"]
[ECO "B07"]
[Time "18:00:20"]
[TimeControl "2700+45"]

1. e4 d6 2. d4 Nf6 3. Bd3 e5 4. c3 Nc6 5. Be3 Ng4 6. h3 Nxe3 7. fxe3 Qg5 8. Qf3
exd4 9. exd4 Qc1+ 10. Qd1 Qxb2 11. Nd2 Qxc3 12. Bc4 Qg3+ 13. Kf1 Nxd4 14. Ne2
Nxe2 15. Qxe2 g6 16. Rb1 Qf4+ 17. Kg1 Bh6 18. Nf1 O-O 19. Rb3 Qe5 20. h4 Qd4+
21. Kh2 Be6 22. Bxe6 fxe6 23. Rf3 Rxf3 24. gxf3 Bf4+ 25. Kg2 c5 26. h5 Qf6 27.
h6 a6 28. Nh2 Bxh2 29. Rxh2 b5 30. Qd2 Rf8 31. Rh3 Qd4 32. Qa5 Qb2+ 33. Kg3 Qe2
34. Kg4 Qe3 35. Rg3 Qxh6 {White resigns} 0-1